 Dungeon Crawl Stone Soup version 0.21-a0-331-gfb491b4 (webtiles) character file.

35 tidbits the Charmwright (level 3, 6/31 HPs)
             Began as a Gnoll Skald on Oct 2, 2017.
             Quit the game on level 2 of the Dungeon.
             The game lasted 00:02:17 (313 turns).

tidbits the Charmwright (Gnoll Skald)                Turns: 313, Time: 00:02:17

Health: 6/31       AC:  3    Str: 13    XL:     3   Next: 35%
Magic:  4/9        EV: 13    Int: 16    God:
Gold:   159        SH:  0    Dex: 10    Spells: 1/12 levels left

rFire    . . .     SeeInvis .   e - +0 dagger (venom)
rCold    . . .     Gourm    .   (no shield)
rNeg     . . .     Faith    .   b - +0 leather armour
rPois    .         Spirit   .   (no helmet)
rElec    .         Reflect  .   (no cloak)
rCorr    .         Harm     .   (no gloves)
MR       .....                  (no boots)
Stlth    +.........             (no amulet)
HPRegen  0.10/turn              j - -4 ring of dexterity (curse)
MPRegen  0.11/turn              (no ring)

@: lethally poisoned (6 -> -6)
A: distributed training, fangs 1, strong nose
a: no special abilities


You were on level 2 of the Dungeon.
You were not hungry.

You visited 1 branch of the dungeon, and saw 2 of its levels.

You collected 159 gold pieces.

Inventory:

Hand Weapons
 a - a +0 hand axe
 e - a +0 dagger of venom (weapon)
   (You took it off a goblin on level 1 of the Dungeon)
Armour
 b - a +0 leather armour (worn)
Jewellery
 j - a cursed -4 ring of dexterity (left hand)
   (You found it on level 2 of the Dungeon)
Scrolls
 f - 2 scrolls of remove curse {unknown}
 g - a scroll of fear {unknown}
 h - a scroll of teleportation {unknown}
 i - a scroll of enchant weapon {unknown}
Books
 c - a book of Battle

   Spells                             Type                      Level
   a - Infusion                       Charms                       1
   b - Shroud of Golubria             Charms/Translocation         2
   c - Song of Slaying                Charms                       2
   d - Spectral Weapon                Hexes/Charms                 3
   e - Regeneration                   Charms/Necromancy            3
Comestibles
 d - 2 bread rations


   Skills:
 + Level 4.5 Fighting
 + Level 0.7 Short Blades
 + Level 0.7 Long Blades
 + Level 4.5 Axes
 + Level 0.7 Maces & Flails
 + Level 0.7 Polearms
 + Level 0.7 Staves
 + Level 0.7 Slings
 + Level 0.7 Bows
 + Level 0.7 Crossbows
 + Level 0.7 Throwing
 + Level 2.6 Armour
 + Level 4.5 Dodging
 + Level 0.7 Stealth
   Level 0.0 Stabbing
 + Level 0.7 Shields
   Level 0.0 Traps
 + Level 0.7 Unarmed Combat
 + Level 5.0 Spellcasting
 + Level 0.7 Conjurations
 + Level 0.7 Hexes
 + Level 6.5 Charms
 + Level 0.7 Summonings
 + Level 0.7 Necromancy
 + Level 0.7 Translocations
 + Level 0.7 Transmutations
 + Level 0.7 Fire Magic
 + Level 0.7 Ice Magic
 + Level 0.7 Air Magic
 + Level 0.7 Earth Magic
 + Level 0.7 Poison Magic
 + Level 0.7 Invocations
 + Level 0.7 Evocations


You had one spell level left.
You knew the following spells:

 Your Spells              Type           Power        Failure   Level  Hunger
g - Shroud of Golubria    Chrm/Tloc      ###.......   7%          2    #......
i - Infusion              Chrm           ###.         1%          1    None
r - Regeneration          Chrm/Necr      ###.......   13%         3    ###....
s - Song of Slaying       Chrm           ###.....     1%          2    #......
w - Spectral Weapon       Hex/Chrm       ###.....     13%         3    ###....


Dungeon Overview and Level Annotations

Branches:
Dungeon (2/15)

Altars:


Innate Abilities, Weirdness & Mutations

Your experience applies equally to all skills.
You have very sharp teeth.
Your uncanny sense of smell can sniff out nearby items.


Message History

You have reached level 3!
Your experience leads to an increase in your attributes!
Your base attributes are Str 13, Int 15, Dex 14.
Increase (S)trength, (I)ntelligence, or (D)exterity?
You feel clever.
A kobold comes into view. It is wielding a short sword.
Found 22 arrows.
The kobold shouts!
You barely miss the kobold. The kobold barely misses you.
The kobold closely misses you.
You barely miss the kobold. The kobold hits you but does no damage.
You closely miss the kobold. The kobold closely misses you.
You barely miss the kobold. The kobold closely misses you.
You closely miss the kobold. The kobold hits you but does no damage.
You barely miss the kobold. You bite the kobold, but do no damage.
The kobold hits you with a short sword.
You hit the kobold.
You kill the kobold!
You see here a short sword.
You now have 159 gold pieces (gained 13).
Your magical infusion is running out.
You are no longer magically infusing your attacks.
All of the chunks of flesh in your inventory have rotted away.
Found a scroll labeled CAENKUM LOGORI.
f - a scroll labeled CAENKUM LOGORI
Found a scroll labeled CAENKUM LOGORI.
A hobgoblin comes into view. It is wielding a club.
The hobgoblin shouts!
The hobgoblin hits you but does no damage.
You hit the hobgoblin.
You kill the hobgoblin!
Your Spellcasting skill increases to level 5!
f - 2 scrolls labeled CAENKUM LOGORI (gained 1)
Things that are here:
a club; a hobgoblin corpse An adder comes into view.
The adder hisses angrily.
You hit the adder.
The adder is heavily wounded.
The adder bites you.
You hit the adder.
The adder is almost dead.
The adder bites you. x2
You are poisoned.
The adder poisons you!
You hit the adder.
You kill the adder!
You feel sick.
You feel sick.
You feel sick.
Memorise Regeneration, consuming 3 spell levels and leaving 4?
Magic restored.
You start memorising the spell.
You continue memorising. x3
You feel sick.
You are no longer poisoned.
You finish memorising.
Spell assigned to 'r'.
Memorise Spectral Weapon, consuming 3 spell levels and leaving 1?
You start memorising the spell.
You continue memorising. x3
You finish memorising.
Spell assigned to 'w'.
Casting: Infusion
Confirm with . or Enter, or press ? or * to list all spells.
Your skin crawls.
Your skin is crawling a little less now.
A killer bee comes into view.
A killer bee comes into view.
The killer bee buzzes angrily.
You hear an angry buzzing noise.
The killer bee stings you. The killer bee closely misses you.
The killer bee stings you.
You aren't carrying any potions.
Unknown command.
Wield which item (- for none, * to show all)? (? for menu, Esc to quit)
Your +0 dagger of venom begins to drip with poison!
e - a +0 dagger of venom (weapon)
The killer bee stings you!
* * * LOW HITPOINT WARNING * * *
You are poisoned.
The killer bee poisons you!
Your skin stops crawling.
You feel sick.
Casting: Regeneration
Confirm with . or Enter, or press ? or * to list all spells.
You draw out your weapon's spirit!
You feel sick. The killer bee barely misses you.
You barely miss the killer bee. The killer bee closely misses you. x2
The killer bee barely misses you. The killer bee stings you.
* * * LOW HITPOINT WARNING * * *
You are lethally poisoned!
The killer bee poisons you!
A killer bee comes into view.
The killer bee buzzes angrily.
You hit the killer bee.
The killer bee is poisoned.
The killer bee is lightly wounded.
* * * LOW HITPOINT WARNING * * *
You feel sick.
Your spectral weapon barely misses the killer bee.
The killer bee barely misses you. The killer bee closely misses you.
The killer bee barely misses you. The killer bee misses you.
You aren't carrying any potions.
Unknown command.
Are you sure you want to abandon this character and quit the game? (Confirm with "yes".)

.........# .....#..##
........###### .
...†#.####.#.# ...
.<.....#..>..######...#
...#.....#..........#
...#))(..##.....y####
...#.#.#.#...###y###
...#.....#...# #@y(#
...#.....#...#
###......
####.#.#.##### ######
#.....# #.....# #.#.#.#
#.....# ####.....#
...#.#.#.#


You could see 3 killer bees and a friendly spectral dagger of venom.

Vanquished Creatures
  2 adders (D:2)
  A dart slug (D:1)
  A giant cockroach (D:2)
  2 goblins (D:1)
  3 hobgoblins (D:2)
  A bat (D:2)
  2 frilled lizards (D:1)
  2 kobolds
  3 rats
  2 fungi (D:2)
19 creatures vanquished.

Notes
Turn   | Place    | Note
-------+----------+-------------------------------------------
     0 | D:1      | tidbits the Gnoll Skald began the quest for the Orb.
     0 | D:1      | Reached XP level 1. HP: 20/20 MP: 6/6
    67 | D:1      | Reached XP level 2. HP: 26/26 MP: 3/7
    71 | D:1      | Learned a level 2 spell: Song of Slaying
    74 | D:1      | Learned a level 2 spell: Shroud of Golubria
   209 | D:2      | Reached XP level 3. HP: 30/31 MP: 0/9
   263 | D:2      | Reached skill level 5 in Spellcasting
   296 | D:2      | Learned a level 3 spell: Regeneration
   300 | D:2      | Learned a level 3 spell: Spectral Weapon
   304 | D:2      | Noticed a killer bee
   306 | D:2      | Noticed a killer bee
   312 | D:2      | Noticed a killer bee
   313 | D:2      | Quit the game

Vault maps used:
D:1:      tarquinn_simple_flora_water_e, serial_park_tiny_pond
D:2:      nicolae_overflow_crystal_walls, cheibriados_altar_1,
          minmay_gold_behind_fungi, columned_hall_lemuel, bloody_trog,
          uniq_robin, uniq_crazy_yiuf_cottage

Skill      XL: |  1  2  3 |
---------------+----------+-----
Spellcasting   | 5 |  5.0
Fighting       | |  4.5
Short Blades   | |  0.7
Long Blades    | |  0.7
Axes           | |  4.5
Maces & Flails | |  0.7
Polearms       | |  0.7
Staves         | |  0.7
Slings         | |  0.7
Bows           | |  0.7
Crossbows      | |  0.7
Throwing       | |  0.7
Armour         | |  2.6
Dodging        | |  4.5
Stealth        | |  0.7
Shields        | |  0.7
Unarmed Combat | |  0.7
Conjurations   | |  0.7
Hexes          | |  0.7
Charms         | |  6.5
Summonings     | |  0.7
Necromancy     | |  0.7
Translocations | |  0.7
Transmutations | |  0.7
Fire Magic     | |  0.7
Ice Magic      | |  0.7
Air Magic      | |  0.7
Earth Magic    | |  0.7
Poison Magic   | |  0.7
Invocations    | |  0.7
Evocations     | |  0.7

Action                   || total
-------------------------++-------
Melee: Hand axe          ||    52
       Bite              ||     5
       Dagger            ||     2
 Cast: Infusion          ||     6
       Regeneration      ||     1
       Spectral Weapon   ||     1
Armor: Leather armour    ||     8
Dodge: Dodged            ||    29

Table legend:
 A = Spawn XP
 B = Non-spawn XP
 C = Spawn XP percentage of total XP
 D = Spawn monster count
 E = Non-spawn monster count
 F = Spawn count percentage of total count
 G = Total turns spent on level
                    A         B        C        D         E        F      G
               +---------+---------+-------+---------+---------+-------+---------
         Total |       0 |      51 |   0.0 |       0 |      17 |   0.0 |   313
               +---------+---------+-------+---------+---------+-------+---------
           D:1 |       0 |      12 |   0.0 |       0 |       7 |   0.0 |   108
           D:2 |       0 |      39 |   0.0 |       0 |      10 |   0.0 |   205
               +---------+---------+-------+---------+---------+-------+---------

Table legend:
 A = Turns spent in this place as a percentage of turns spent in the entire game.
 B = Non-inter-level travel turns spent in this place as a percentage of non-inter-level travel turns spent in the entire game.
 C = Inter-level travel turns spent in this place as a percentage of turns spent in this place.
 D = Turns resting spent in this place as a percentage of non-inter-level travel turns spent in this place.
 E = Turns spent auto-exploring this place as a percentage of non-inter-level travel turns spent in this place.
 F = Non-inter-level travel turns spent in this place divided by the number of levels of this place that you've seen.
                   A       B       C       D       E      F
               +-------+-------+-------+-------+-------+----------------------
         Total | 100.0 | 100.0 |   0.0 |   0.0 |   0.0 | 156.5
       Dungeon | 100.0 | 100.0 |   0.0 |   0.0 |   0.0 | 156.5
               +-------+-------+-------+-------+-------+----------------------

Table legend:
 A = Kills in this place as a percentage of kills in entire the game.
 B = Kills by you in this place as a percentage of kills by you in the entire game.
 C = Kills by friends in this place as a percentage of kills by friends in the entire game.
 D = Other kills in this place as a percentage of other kills in the entire game.
 E = Experience gained in this place as a percentage of experience gained in the entire game.
 F = Experience gained in this place divided by the number of levels of this place that you have seen.
                   A       B       C       D       E      F
               +-------+-------+-------+-------+-------+----------------------
         Total | 100.0 | 100.0 |   N/A |   N/A | 100.0 |  25.5
       Dungeon | 100.0 | 100.0 |   N/A |   N/A | 100.0 |  25.5
               +-------+-------+-------+-------+-------+----------------------

Vault maps used:
D:1:      tarquinn_simple_flora_water_e, serial_park_tiny_pond
D:2:      nicolae_overflow_crystal_walls, cheibriados_altar_1,
          minmay_gold_behind_fungi, columned_hall_lemuel, bloody_trog,
          uniq_robin, uniq_crazy_yiuf_cottage
